 Dungeon Crawl Stone Soup version 0.15.1-3-g1b33baa (webtiles) character file.

88693 Johnny the Fighter (level 14, -2/85 HPs)
             Began as a Demigod Ice Elementalist on Oct 4, 2014.
             Killed from afar by a starcursed mass (8 damage)
             ... with an accursed screaming
             ... on Level 1 of the Abyss.
             The game lasted 02:10:59 (33596 turns).

Johnny the Fighter (Demigod Ice Elementalist)      Turns: 33596, Time: 02:11:00

HP  -2/85        AC 24     Str 11      XL: 14   Next: 68%
MP   5/43        EV 12     Int 21      God:
Gold 448         SH  0     Dex 15      Spells:  4 memorised, 17 levels left

rFire  . . .     SeeInvis .     x - +6 trident (protect)
rCold  . . .     Clarity  +     I - +1 swamp dragon armour
rNeg   . . .     rCorr    .     (no shield)
rPois  +         rRot     .     L - +0 helmet
rElec  +         Spirit   .     v - +1 cloak
SustAb .         Warding  .     z - +0 pair of gloves
rMut   .         Stasis   .     G - +0 pair of boots
Gourm  .                        J - amulet of clarity
MR     +....                    M - +3 ring of protection
                                F - ring "Qanymmin" {+Rage rElec MP+9}

@: about to teleport, very slightly contaminated, hasted, very quick, somewhat
resistant to hostile enchantments, fairly stealthy
A: berserk 2, clumsy 2, dopey 2, frail 3, weak 1
a: Evoke Berserk Rage
}: 1/15 runes: decaying


You were on level 1 of the Abyss.
You were not hungry.

You visited 5 branches of the dungeon, and saw 31 of its levels.
You visited the Abyss 1 time.

You collected 2592 gold pieces.
You spent 2144 gold pieces at shops.

Inventory:

Hand weapons
 x - a +6 trident of protection (weapon)
Armour
 v - a +1 cloak (worn)
 z - a +0 pair of gloves (worn)
 G - a +0 pair of boots (worn)
 I - a +1 swamp dragon armour (worn)
 L - a +0 helmet (worn)
 T - a +0 cloak of darkness
Magical devices
 C - a wand of disintegration (5)
 U - a wand of draining (8)
 W - a wand of slowing (8)
Comestibles
 a - 8 meat rations
 c - 13 bread rations
 H - 14 royal jellies
 O - 6 beef jerkies
 S - 3 slices of pizza
Scrolls
 i - 4 scrolls of vulnerability
 j - 16 scrolls of remove curse
 k - 3 scrolls of amnesia
 t - a scroll of holy word
 u - 3 scrolls of magic mapping
 y - 3 scrolls of fog
 E - 10 scrolls of recharging
 Z - a scroll of fear
Jewellery
 d - an uncursed ring of positive energy
 m - an uncursed amulet of guardian spirit
 r - an uncursed ring of poison resistance
 s - an uncursed ring of see invisible
 w - an uncursed ring of flight
 F - the ring "Qanymmin" (left hand) {+Rage rElec MP+9}
   (You found it on level 6 of the Dungeon)

   [ring of magical power]

   It insulates you from electricity.
   It affects your magic capacity (+9).
   It lets you go berserk.
 J - an amulet of clarity (around neck)
 M - a +3 ring of protection (right hand)
 P - an uncursed ring of magical power
 Y - an uncursed amulet of the gourmand
Potions
 e - a potion of porridge
 f - 4 potions of brilliance
 g - 4 potions of curing
 o - a potion of cure mutation
 p - a potion of agility
 q - a potion of magic {unknown}
 A - 2 potions of berserk rage
 D - a potion of flight
 N - 3 potions of restore abilities
 Q - a potion of resistance
Books
 K - a Grand Grimoire

   Spells                             Type                      Level
   Aura of Abjuration                 Summoning                    6
   Forceful Dismissal                 Summoning                    6
   Summon Greater Demon               Summoning                    7
   Malign Gateway                     Summoning/Translocation      7
   Summon Horrible Things             Summoning                    8
Miscellaneous
 b - a fan of gales
 B - a lamp of fire
 R - a stone of tremors


   Skills:
 * Level 10.5 Fighting
 + Level 7.3 Armour
 + Level 7.9 Dodging
 + Level 8.0 Stealth
 * Level 10.4 Spellcasting
   Level 0.8 Conjurations
 * Level 10.4 Summonings
 + Level 9.5 Ice Magic
 + Level 8.0 Evocations


You had 17 spell levels left.
You knew the following spells:

 Your Spells              Type           Power        Failure   Level  Hunger
a - Freeze                Ice            ####         1%          1    None
b - Summon Ice Beast      Ice/Summ       ######..     1%          4    ##.....
c - Monstrous Menagerie   Summ           ######....   17%         6    ######.
d - Shadow Creatures      Summ           N/A          3%          5    ####...


Dungeon Overview and Level Annotations

Branches:
Dungeon (13/15)            Temple (0/1) D:4             Orc (4/4) D:9
    Elf (0/3) Orc:4          Lair (8/8) D:9           Swamp (5/5) Lair:4
  Snake (1/5) Lair:3        Slime (0/6) Lair:7
 Vaults: D:13-14

Shops:
D:6 (   D:7 :   D:9 (   Orc:4 ***%

Annotations:
Lair:8 Chiseanne's ghost, powerful DrEn


Innate Abilities, Weirdness & Mutations

[You often lose your temper in combat.]
[You are very clumsy. (Dex -4)]
[You are very dopey. (Int -4)]
[You are extremely frail (-30% HP).]
[You are weak. (Str -2)]


Message History

The starcursed mass engulfs you but does no damage.
The deep elf fighter points at you and mumbles some strange words.
The magic dart hits you!
You are very lightly contaminated with residual magic.
The fire bat completely misses you. The fire bat barely misses you.
Unknown command.
The fire bat bites you.
You are engulfed in flames!
* * * LOW HITPOINT WARNING * * *
The deep elf priest unwields an uncursed long sword.
The deep elf priest wields a shortbow.
The deep elf priest shoots an arrow.
The arrow hits you but does no damage.
The arrow disappears in a puff of smoke!
The fire bat completely misses you. The fire bat bites you.
* * * LOW HITPOINT WARNING * * *
You are engulfed in flames!
* * * LOW HITPOINT WARNING * * *
The fire bat bites you but does no damage.
A starcursed mass splits.
A deafening chorus of shrieks assaults your mind!
You die...

. § #. .§. .§ §
§§....#.... §.§§§ ..
.§§.....§...#..#.§§ §.
.#...#....§.##...§ §#
.....§.§....X§.§.§. .§
.#.§..§.§.XX........
... §..#...##.##XX.....
..§
.........b.....#...%#
.. ..#....@#3....§#..
.X §
........bbXX#.....§§XX
. ......#.#.....§..#.§#
.§.
#..§.§....§.......§..#§
......§.x.e.§.§....§
.§.§
...§#..§......#....§.§.
.....e.....#..#. . §. .
.....e....§.....§ #
.....§........#§ #


You could see 7 starcursed masses, 2 deep elf priests, a deep elf fighter and 3
fire bats.

Vanquished Creatures
  Saint Roka (Swamp:2)
  A hydra (Swamp:5)
  3 death yaks (Lair:6)
  Urug (D:12)
  4 black mambas (Lair:3)
  2 torpor snails
  2 spiny frogs
  A gargoyle (D:13)
  4 komodo dragons
  A giant leech (Swamp:2)
  A bog body (Swamp:4)
  A boulder beetle (Orc:1)
  A blink frog (Lair:1)
  A wraith (D:8)
  A wyvern (D:10)
  A hungry ghost (D:8)
  A hill giant zombie (D:12)
  2 steam dragons
  9 yaks
  A vampire mosquito (Swamp:4)
  A hill giant skeleton (D:12)
  2 swamp worms (Swamp:5)
  9 water moccasins
  A necrophage (Lair:2)
  A yellow wasp (Swamp:4)
  A black bear (D:11)
  An ice beast (D:8)
  6 orc warriors
  3 sky beasts
  4 ogres
  6 porcupines
  2 phantoms (D:5)
  3 centaurs
  2 crocodiles
  18 giant frogs
  An insubstantial wisp (Swamp:1)
  Blork the orc (D:7)
  3 scorpions
  3 electric eels (Lair:1)
  4 wights (D:8)
  3 crimson imps (D:6)
  7 orc priests
  A quasit (D:7)
  An iron imp (D:7)
  5 jellies
  Crazy Yiuf (D:2)
  6 hounds
  3 iguanas
  5 orc wizards
  7 worker ants
  6 sheep
  20 green rats
  9 adders
  5 gnolls
  A giant mite (D:3)
  A shadow imp (D:9)
  3 worms
  An ufetubus (Swamp:5)
  An adder zombie (D:8)
  2 oozes
  51 orcs
  2 ball pythons
  17 bats
  A bat skeleton (D:4)
  5 giant cockroaches
  14 goblins
  13 hobgoblins
  8 jackals
  8 kobolds
  6 quokkas
  5 giant geckos
  5 giant newts
  A giant newt skeleton (D:5)
  A giant spore (D:8)
  An orc skeleton (D:6)
  15 rats
  A rat skeleton (D:7)
  A ballistomycete (D:6)
354 creatures vanquished.

Vanquished Creatures (collateral kills)
  Norris (Swamp:2)
  Nikola (Swamp:1)
  A tentacled starspawn (Abyss:1)
  2 thorn hunters
  Donald (Swamp:4)
  Louise (Swamp:3)
  The ghost of Alarkh the Brawler, a mighty VSTm of Okawaru (Orc:4)
  A very ugly thing (Swamp:2)
  Harold (Lair:7)
  A naga warrior (Abyss:1)
  21 hydras
  A shambling mangrove (Swamp:5)
  8 alligators
  4 ogre magi (Orc:4)
  An orc high priest (Orc:3)
  A catoblepas (Lair:6)
  3 death yaks (Lair:6)
  Nergalle (D:10)
  A wretched star (Abyss:1)
  2 large abominations (Abyss:1)
  3 spriggan druids
  8 swamp dragons
  A lindwurm (Swamp:1)
  2 hill giants (D:12)
  2 red wasps
  A harpy (Lair:8)
  2 sixfirhies
  A griffon (D:13)
  2 cyclopes
  A guardian serpent (Abyss:1)
  12 black mambas
  Maurice (D:12)
  10 elephants
  Joseph (D:9)
  3 orange demons
  A centaur skeleton (D:12)
  A naga mage (Snake:1)
  13 spiny frogs
  A kobold demonologist (D:11)
  10 komodo dragons
  An efreet (Abyss:1)
  3 fire drakes
  5 baby alligators
  2 trolls
  12 blink frogs
  An ice beast (Lair:8)
  A queen bee (Lair:7)
  8 ravens
  5 giant leeches
  A hydra skeleton (D:10)
  4 raiju (Abyss:1)
  15 two-headed ogres (Orc:4)
  A freezing wraith (Abyss:1)
  A catoblepas skeleton (D:11)
  6 bog bodies
  7 slime creatures
  3 basilisks
  3 shadows
  A trapdoor spider (D:11)
  4 humans (D:9)
  44 yaks
  4 spriggans
  A fire bat (Abyss:1)
  3 wyverns
  2 ynoxinuls (Abyss:1)
  A neqoxec (Abyss:1)
  The ghost of Johnny the Chiller, an average DgIE (D:4)
  A steam dragon (Lair:8)
  6 hippogriffs
  6 vampire mosquitoes
  7 nagas
  4 wargs
  22 swamp worms
  2 wolves (Lair:3)
  A spatial vortex (Swamp:5)
  16 water moccasins
  7 porcupines
  2 mottled dragons (Lair:8)
  6 necrophages
  4 yellow wasps
  9 orc warriors
  9 swamp drakes
  5 small abominations
  2 sky beasts
  4 centaurs
  3 phantoms
  11 starcursed masses (Abyss:1)
  21 ogres
  A boring beetle (Lair:8)
  Duvessa (D:7)
  9 crocodiles
  16 giant frogs
  7 insubstantial wisps (Swamp:1)
  2 gnoll sergeants
  A hippogriff zombie (D:13)
  A scorpion (D:12)
  A yak zombie (D:8)
  24 killer bees (Lair:7)
  A wight (D:8)
  4 crimson imps
  2 electric eels (Lair:1)
  5 hounds
  A basilisk zombie (D:11)
  A goliath beetle (D:8)
  Dowan (D:7)
  4 jellies
  A quasit (D:7)
  19 orc priests
  2 iron imps
  A gnoll shaman (D:4)
  17 orc wizards
  8 iguanas
  A worker ant (D:10)
  20 sheep
  A sky beast zombie (D:10)
  Ijyb (D:6)
  An ogre skeleton (D:6)
  9 adders
  12 gnolls
  3 white imps
  25 green rats
  2 shadow imps
  2 ufetubi (Abyss:1)
  86 orcs
  A goblin (Orc:4)
  2 hobgoblins
  2 kobolds
  A quokka (Lair:3)
  A bat (D:7)
  A giant newt (D:6)
  A kobold skeleton (D:6)
  A rat (D:6)
  A spectral orc (D:10)
  2 ballistomycetes (D:8)
  2 butterflies (Orc:4)
  A fungus (Lair:6)
  A plant (Lair:2)
728 creatures vanquished.

Vanquished Creatures (others)
  2 eldritch tentacles
  10 lindwurms
  22 harpies
  16 manticores
  A spiny frog (Swamp:4)
  A vampire mosquito (Swamp:2)
  A wraith (Abyss:1)
  A hungry ghost (Abyss:1)
  2 small abominations (Abyss:1)
  168 ice beasts
  A scorpion (D:12)
  An orc wizard (Orc:4)
  An ufetubus (Abyss:1)
  3 orcs (Orc:4)
  A hobgoblin (D:10)
  A giant spore (D:6)
  A kobold (D:10)
  165 eldritch tentacle segments
  5 fungi
  3 plants
  4 starspawn tentacles (Abyss:1)
  46 starspawn tentacle segments (Abyss:1)
456 creatures vanquished.

Grand Total: 1538 creatures vanquished

Notes
Turn   | Place    | Note
--------------------------------------------------------------
     0 | D:1      | Johnny, the Demigod Ice Elementalist, began the quest for the Orb.
     0 | D:1      | Reached XP level 1. HP: 14/14 MP: 3/3
   196 | D:1      | Reached XP level 2. HP: 20/20 MP: 2/5
   839 | D:2      | Reached skill level 1 in Fighting
   839 | D:2      | Reached XP level 3. HP: 26/28 MP: 0/8
   938 | D:2      | Found an iron altar of Okawaru.
  1039 | D:2      | Reached skill level 3 in Ice Magic
  1385 | D:2      | Noticed Crazy Yiuf
  1478 | D:2      | Killed Crazy Yiuf
  1478 | D:2      | Reached XP level 4. HP: 22/35 MP: 1/11
  1915 | D:3      | Reached skill level 1 in Armour
  2236 | D:3      | Reached XP level 5. HP: 33/41 MP: 12/12
  2327 | D:3      | Learned a level 4 spell: Summon Ice Beast
  2706 | D:4      | Found a staircase to the Ecumenical Temple.
  2784 | D:4      | Reached skill level 1 in Summonings
  3017 | D:5      | Entered Level 5 of the Dungeon
  3293 | D:5      | Reached XP level 6. HP: 44/50 MP: 12/15
  3569 | D:5      | Found a radiant altar of Vehumet.
  3572 | D:5      | Noticed a phantom
  3680 | D:5      | Found a burning altar of Makhleb.
  3716 | D:5      | Noticed a phantom
  3724 | D:5      | Killed a phantom
  3744 | D:5      | Killed a phantom
  3744 | D:5      | Reached skill level 4 in Ice Magic
  3846 | D:5      | Found a stormy altar of Qazlal.
  4113 | D:5      | Learned a level 6 spell: Monstrous Menagerie
  4272 | D:4      | Noticed Johnny's ghost (average DgIE)
  4286 | D:4      | Killed Johnny's ghost
  4286 | D:4      | Reached XP level 7. HP: 42/56 MP: 2/19
  4307 | D:4      | Got a polished chain mail
  4318 | D:4      | Identified the +6 chain mail "Ylaveivu" {Str+4 Dex-3} (You found it on level 4 of the Dungeon)
  4794 | D:6      | Noticed Ijyb
  4802 | D:6      | Killed Ijyb
  4932 | D:6      | Noticed a red devil
  5194 | D:6      | Got a crude platinum ring
  5196 | D:6      | Identified the ring "Qanymmin" {+Rage rElec MP+9} (You found it on level 6 of the Dungeon)
  5338 | D:6      | Found a sparkling altar of Nemelex Xobeh.
  5464 | D:6      | Reached XP level 8. HP: 55/64 MP: 20/20
  5475 | D:6      | Found Qeuram Aph's Weapon Shop.
  6070 | D:7      | Reached skill level 5 in Ice Magic
  6292 | D:7      | Found Jacruf's Book Shop.
  6415 | D:7      | Noticed Dowan
  6416 | D:7      | Noticed Duvessa
  6425 | D:7      | Killed Dowan
  6435 | D:7      | Killed Duvessa
  6648 | D:7      | Noticed Blork the orc
  6661 | D:7      | Killed Blork the orc
  6761 | D:8      | Reached skill level 1 in Evocations
  7221 | D:8      | Reached XP level 9. HP: 50/72 MP: 12/23
  7451 | D:8      | Reached skill level 5 in Spellcasting
  7507 | D:8      | Reached skill level 5 in Fighting
  7873 | D:9      | Reached skill level 5 in Summonings
  7906 | D:9      | Found a staircase to the Lair.
  7955 | D:9      | Reached skill level 6 in Ice Magic
  8231 | D:9      | Found a staircase to the Orcish Mines.
  8310 | D:9      | Noticed Joseph
  8323 | D:9      | Killed Joseph
  8422 | D:9      | Found Assaronu's Antique Weapon Boutique.
  8744 | Lair:1   | Entered Level 1 of the Lair of Beasts
  8748 | Lair:1   | Noticed an orange demon
  8757 | Lair:1   | Killed an orange demon
  9126 | Lair:1   | Reached XP level 10. HP: 83/83 MP: 26/26
  9249 | Lair:1   | Noticed a komodo dragon
  9257 | Lair:1   | Killed a komodo dragon
  9433 | Lair:1   | Noticed a komodo dragon
  9781 | Lair:2   | Reached skill level 7 in Ice Magic
 10784 | Lair:3   | Reached skill level 5 in Dodging
 10937 | Lair:3   | Noticed a five-headed hydra
 10996 | Lair:3   | Killed a five-headed hydra
 11042 | Lair:3   | Reached XP level 11. HP: 57/91 MP: 12/28
 11326 | Lair:3   | Reached skill level 5 in Stealth
 11818 | Lair:3   | Found a staircase to the Snake Pit.
 12170 | Lair:4   | Noticed a five-headed hydra
 12203 | Lair:4   | Killed a five-headed hydra
 12509 | Lair:4   | Reached skill level 8 in Ice Magic
 12529 | Lair:4   | Reached skill level 5 in Armour
 12739 | Lair:4   | Found a staircase to the Swamp.
 14343 | Lair:6   | Noticed a death yak
 14344 | Lair:6   | Noticed a death yak
 14344 | Lair:6   | Noticed a death yak
 14344 | Lair:6   | Noticed a death yak
 14345 | Lair:6   | Noticed a death yak
 14345 | Lair:6   | Noticed a death yak
 14437 | Lair:6   | Killed a death yak
 14440 | Lair:6   | Killed a death yak
 14440 | Lair:6   | Reached skill level 5 in Evocations
 14447 | Lair:6   | Killed a death yak
 14447 | Lair:6   | Reached XP level 12. HP: 92/101 MP: 8/30
 14451 | Lair:6   | Killed a death yak
 14455 | Lair:6   | Killed a death yak
 14456 | Lair:6   | Killed a death yak
 14582 | Lair:6   | Noticed a catoblepas
 14602 | Lair:6   | Killed a catoblepas
 15055 | Lair:6   | Noticed an eldritch tentacle
 15078 | Lair:6   | Killed an eldritch tentacle
 15153 | Lair:6   | Noticed a six-headed hydra
 15168 | Lair:6   | Killed a six-headed hydra
 15471 | Lair:7   | Noticed Harold
 15491 | Lair:7   | Killed Harold
 15745 | Lair:7   | Found a staircase to the Slime Pits.
 16721 | Lair:8   | Entered Level 8 of the Lair of Beasts
 16725 | Lair:8   | Noticed a fire dragon
 17224 | Lair:8   | Noticed Chiseanne's ghost (powerful DrEn)
 17318 | Lair:8   | Gained mutation: [You are frail (-10% HP).] [mutagenic glow]
 17807 | Orc:1    | Entered Level 1 of the Orcish Mines
 18259 | Orc:2    | Reached skill level 9 in Summonings
 18869 | Orc:3    | Found a roughly hewn altar of Beogh.
 19368 | Orc:4    | Entered Level 4 of the Orcish Mines
 19430 | Orc:4    | Found a staircase to the Elven Halls.
 19845 | Orc:4    | Noticed Alarkh's ghost (mighty VSTm)
 20091 | D:10     | Entered Level 10 of the Dungeon
 20678 | D:10     | Noticed Nergalle
 21601 | D:12     | Reached XP level 13. HP: 89/97 MP: 17/32
 21795 | D:12     | Noticed Urug
 21834 | D:12     | Killed Urug
 21964 | D:12     | Learned a level 5 spell: Shadow Creatures
 22372 | D:12     | Noticed Maurice
 22380 | D:12     | Killed Maurice
 23413 | Orc:4    | Found Lum Urph's Food Boutique.
 23413 | Orc:4    | Found Mnoff's Assorted Antiques.
 23414 | Orc:4    | Found Othrar's Assorted Antiques.
 23414 | Orc:4    | Found Chasici's General Store.
 23752 | Orc:4    | Killed Alarkh's ghost
 24305 | Orc:4    | Bought a scroll of holy word for 97 gold pieces
 24307 | Orc:4    | Bought a scroll of identify for 78 gold pieces
 24307 | Orc:4    | Bought a scroll of identify for 78 gold pieces
 24307 | Orc:4    | Bought a fabulously ornate robe for 222 gold pieces
 24319 | Orc:4    | Identified the cursed -5 robe "Imirijux" {Slay+4} (You bought it in a shop on level 4 of the Orcish Mines)
 24337 | Orc:4    | Bought a scroll of identify for 62 gold pieces
 24337 | Orc:4    | Bought a scroll of identify for 62 gold pieces
 24480 | D:7      | Bought a Grand Grimoire for 1545 gold pieces
 24599 | D:10     | Killed Nergalle
 25884 | Swamp:1  | Entered Level 1 of the Swamp
 25914 | Swamp:1  | Found a snail-covered altar of Cheibriados.
 25978 | Swamp:1  | Noticed Nikola
 26002 | Swamp:1  | Killed Nikola
 27030 | Swamp:2  | Noticed Norris
 27030 | Swamp:2  | Noticed a thorn hunter
 27095 | Swamp:2  | Killed a thorn hunter
 27106 | Swamp:2  | Killed Norris
 27506 | Swamp:2  | Noticed Saint Roka
 27796 | Swamp:2  | Killed Saint Roka
 28154 | Swamp:2  | Noticed a green very ugly thing
 28161 | Swamp:2  | Killed a green very ugly thing
 28599 | Swamp:3  | Noticed Louise
 28608 | Swamp:3  | Reached XP level 14. HP: 107/107 MP: 8/33
 28611 | Swamp:3  | Killed Louise
 28611 | Swamp:3  | Reached skill level 10 in Summonings
 29891 | Swamp:4  | Reached skill level 10 in Fighting
 30347 | Swamp:4  | Noticed Donald
 30359 | Swamp:4  | Killed Donald
 30359 | Swamp:4  | Reached skill level 10 in Spellcasting
 30748 | Swamp:5  | Entered Level 5 of the Swamp
 31064 | Swamp:5  | Noticed an eldritch tentacle
 31090 | Swamp:5  | Killed an eldritch tentacle
 31954 | Swamp:5  | Got a decaying rune of Zot
 32570 | Swamp:5  | Noticed a thorn hunter
 32585 | Swamp:5  | Killed a thorn hunter
 32867 | Snake:1  | Entered Level 1 of the Snake Pit
 33055 | Snake:1  | Cast into the Abyss (miscasting Monstrous Menagerie)
 33102 | Abyss:1  | Found a corrupted altar of Lugonu.
 33151 | Abyss:1  | Noticed a balrug
 33192 | Abyss:1  | Found a radiant altar of Vehumet.
 33236 | Abyss:1  | Paralysed by accursed screaming for 1 turns
 33305 | Abyss:1  | Noticed a tentacled starspawn
 33472 | Abyss:1  | Noticed a tentacled starspawn
 33475 | Abyss:1  | Killed a tentacled starspawn
 33593 | Abyss:1  | Paralysed by accursed screaming for 1 turns
 33596 | Abyss:1  | Killed from afar by a starcursed mass

Action                   |  1- 3 |  4- 6 |  7- 9 | 10-12 | 13-15 || total
-------------------------+-------+-------+-------+-------+-------++-------
Melee: Unarmed           |    24 |       |       |       |       ||    24
       Dagger            |    32 |       |       |       |       ||    32
       Trident           |    19 |   165 |   378 |   740 |   255 ||  1557
       Quarterstaff      |       |    16 |       |       |       ||    16
 Cast: Freeze            |    49 |    21 |    32 |   104 |    46 ||   252
       Summon Ice Beast  |       |     8 |    90 |   324 |   227 ||   649
       Monstrous Menager |       |       |       |    18 |   145 ||   163
       Shadow Creatures  |       |       |       |       |    27 ||    27
Evoke: Wand              |       |       |     2 |    11 |     2 ||    15
       Fan of gales      |       |       |       |       |     1 ||     1
       Lamp of fire      |       |       |       |       |     1 ||     1
       Stone of tremors  |       |       |       |       |     1 ||     1
  Use: Scroll            |       |    14 |     4 |    15 |    20 ||    53
       Potion            |       |     1 |     1 |     1 |    10 ||    13
 Stab: Sleeping          |     6 |     4 |     5 |    12 |     1 ||    28
       Distracted        |       |       |     1 |    12 |     2 ||    15
  Eat: Chunk             |     2 |     5 |    30 |    61 |    92 ||   190
       Beef jerky        |       |     2 |       |       |     1 ||     3
       Pizza             |       |     2 |       |     1 |     2 ||     5
       Meat ration       |       |       |     1 |     1 |       ||     2
       Fruit             |       |       |     1 |    10 |     8 ||    19
       Royal jelly       |       |       |       |       |     2 ||     2
       Bread ration      |       |       |       |       |     1 ||     1
